Map: Blackpink LE

Players

NightEnD

  • Race: Protoss Protoss
  • League: Grandmaster
  • Spawn Location: 7:00

DeMusliM - Winner!

  • Race: Terran Terran
  • League: Grandmaster
  • Spawn Location: 1:00

Event: WESG Barcelona European Finals 2017

VOD

Have the link to the VOD?

Description

Time

  • Played on: Nov. 25, 2017, 5:42 a.m.
  • Length: 8:18

All games in this series

Show
View Real Time Build Order
Export as new Build Order

NightEnD Protoss 

Build Orders: 1 Gate Expand 

Get SALT Encoding   

  12  0:00  Probe  
  13  0:13  Probe  
  14  0:18  Pylon  
  14  0:25  Probe  
  15  0:37  Probe (Chrono Boost)  
  15  0:38  Gateway  
  16  0:47  Probe (Chrono Boost), Assimilator  
  17  0:51  Probe  
  18  1:03  Probe  
  19  1:15  Probe  
  20  1:24  Nexus  
  20  1:34  Cybernetics Core  
  20  1:36  Probe (Chrono Boost)  
  21  1:46  Assimilator  
  22  1:48  Probe (Chrono Boost)  
  22  1:53  Pylon  
  22  1:56  Probe  
  23  2:11  Probe, Stalker (Chrono Boost)  
  26  2:23  Robotics Facility  
  26  2:24  Probe  
  27  2:36  Stalker  
  28  2:39  Probe (Chrono Boost)  
  28  2:43  Probe (Chrono Boost)  
  30  2:45  Warp Gate  
  32  2:52  Probe (Chrono Boost)  
  32  2:55  Probe x2 (Chrono Boost)  
  33  3:03  Probe  
  34  3:06  Probe, Stalker  
  34  3:11  Observer (Chrono Boost)  
  38  3:15  Probe  
  38  3:18  Probe, Twilight Council  
  40  3:23  Pylon  
  41  3:27  Probe  
  41  3:30  Assimilator  
  41  3:31  Probe  
  42  3:35  Observer  
  42  3:38  Stalker  
  42  3:40  Probe  
  46  3:43  Probe  
  47  3:52  Probe  
  47  3:54  Shield Battery  
  47  3:55  Probe  
  49  4:02  Blink (Chrono Boost)  
  49  4:04  Probe  
  49  4:07  Gateway  
  49  4:09  Gateway  
  50  4:11  Probe  
  50  4:12  Observer  
  50  4:16  Pylon  
  52  4:18  Probe  
  53  4:25  Pylon  
  53  4:27  Probe  
  54  4:34  Probe  
  55  4:39  Probe  
  56  4:46  Probe  
  56  4:51  Probe  
  56  4:52  Assimilator  
  58  4:54  Shield Battery, Stalker  
  58  4:58  Probe  
  61  5:00  Pylon  
  61  5:03  Probe  
  61  5:05  Stalker x2  
  66  5:10  Probe  
  67  5:15  Probe  
  67  5:18  Forge  
  67  5:19  Stalker  
  70  5:28  Stalker x2  
  72  5:30  Charge (Chrono Boost)  
  72  5:32  Pylon  
  74  5:39  Probe  
  75  5:50  Nexus  
  75  5:54  Pylon  
  75  5:55  Observer, Pylon  
  75  5:56  Probe x2  
  77  6:03  Protoss Ground Armor Level 1 (Chrono Boost)  
  77  6:06  Templar Archives  
  77  6:08  Probe x2  
  77  6:10  Gateway  
  79  6:12  Gateway  
  79  6:13  Sentry x2  
  79  6:14  Gateway  
  82  6:20  Probe  
  82  6:21  Sentry  
  82  6:22  Observer  
  85  6:33  Probe x2  
  85  6:39  Immortal (Chrono Boost)  
  91  6:46  Pylon  
  91  6:48  Zealot x3  
  91  6:53  Pylon  
  97  6:58  Pylon  
  97  7:02  Shield Battery  
  97  7:12  Zealot x5  
  100  7:29  Observer  
  88  7:32  Immortal (Chrono Boost), Zealot x4  
  88  7:33  Zealot x2  
  104  7:53  Zealot x2  
  104  7:54  Zealot  
Show
View Real Time Build Order
Export as new Build Order

DeMusliM Terran - Winner!

Build Orders: Reaper Expand, MMM Bio 

Get SALT Encoding   

  12  0:00  SCV  
  13  0:13  SCV  
  14  0:17  Supply Depot  
  14  0:25  SCV  
  15  0:38  SCV  
  15  0:39  Barracks  
  16  0:44  Refinery  
  16  0:50  SCV  
  17  1:02  SCV  
  18  1:15  SCV  
  19  1:27  Reaper, Orbital Command  
  20  1:43  Command Center  
  20  1:52  SCV  
  21  1:59  Barracks  
  21  2:02  Barracks Reactor  
  21  2:05  SCV  
  22  2:12  Supply Depot  
  22  2:17  SCV  
  22  2:21  Refinery  
  23  2:33  SCV  
  23  2:34  Factory  
  23  2:38  Marine x2  
  25  2:45  SCV  
  25  2:47  Barracks Tech Lab  
  26  2:56  Orbital Command  
  26  2:57  SCV  
  26  2:58  Marine x2  
  29  3:07  Marine, Stimpack  
  29  3:10  SCV  
  31  3:16  Marine x2  
  33  3:22  Starport  
  33  3:25  SCV x2  
  35  3:28  Factory Reactor  
  35  3:32  Marine  
  36  3:37  SCV, Marine  
  36  3:38  SCV  
  36  3:39  Marine  
  40  3:46  Supply Depot  
  40  3:49  SCV  
  40  3:50  SCV  
  40  3:51  Marine  
  40  3:55  Marine  
  44  3:56  Engineering Bay  
  44  3:58  Marine  
  44  4:01  SCV  
  46  4:08  SCV  
  46  4:09  Medivac  
  50  4:13  SCV, Medivac  
  50  4:16  Marine  
  54  4:18  Marine  
  54  4:19  Supply Depot  
  54  4:23  Terran Infantry Weapons Level 1  
  54  4:28  SCV x2, Marine  
  54  4:29  Factory Tech Lab  
  57  4:31  Refinery  
  57  4:34  Marine  
  57  4:36  Marine  
  59  4:41  SCV x2  
  61  4:46  Marine  
  61  4:51  Supply Depot  
  61  4:52  Marine, Siege Tank  
  65  4:53  SCV x2  
  65  4:54  Marine  
  65  4:58  Supply Depot  
  69  5:04  Marine  
  70  5:08  Combat Shields  
  70  5:12  SCV, Marine x2  
  73  5:16  Supply Depot  
  73  5:18  Medivac  
  73  5:20  SCV  
  76  5:22  Marine  
  76  5:24  SCV  
  78  5:30  Marine x2  
  78  5:31  Siege Tank  
  82  5:39  Marine  
  83  5:48  Marine x2  
  83  5:50  Barracks  
  83  5:51  Barracks  
  83  5:53  Medivac, Barracks  
  83  6:03  Supply Depot, Siege Tank  
  86  6:04  Marine  
  87  6:14  Marine  
  87  6:15  Marine  
  87  6:17  Medivac  
  91  6:20  Supply Depot  
  91  6:22  Marine  
  92  6:27  Supply Depot  
  92  6:32  Marine x2  
  92  6:38  Siege Tank  
  97  6:40  Marine x3  
  97  6:41  Marine  
  97  6:44  Supply Depot  
  101  6:50  Marine x2  
  101  6:52  Viking  
  105  6:58  Marine x2  
  105  6:59  Marine x2, Viking  
  110  7:08  Marine x2  
  110  7:13  Siege Tank  
  115  7:16  Marine x2  
  115  7:17  Marine  
  115  7:21  Marine  
  119  7:26  Marine x2  
  117  7:33  Marine x2  
  117  7:35  Marine  
  120  7:37  Command Center  
  120  7:38  Marine  
  120  7:43  Supply Depot  
  120  7:44  Marine x2  
  122  7:45  Siege Tank  
  126  7:51  Marine x2  
  126  7:55  Marine  
  126  7:56  Marine  
Tags
 
Add a new tag
Caveats
  • Supply blocks, unpowered buildings, or Contaminate may cause inaccurate times.
  • Supply counts are checked every 10 seconds.